 Dungeon Crawl Stone Soup version 0.30.1-1-g62c8e00024 (webtiles) character file.

Game seed: 14559946978972669961

51 spardeous the Digger (level 3, -2/14 HPs)
             Began as a Felid Earth Elementalist on July 15, 2023.
             Slain by a river rat (5 damage)
             ... on level 3 of the Dungeon.
             The game lasted 00:03:29 (843 turns).

spardeous the Digger (Felid Earth Elementalist)      Turns: 843, Time: 00:03:30

Health: -2/14      AC:  1    Str:  4    XL:     3   Next: 58%
Magic:  1/7        EV: 17    Int: 24    God:
Gold:   50         SH:  0    Dex: 16    Spells: 5/6 levels left
                                        Lives:  0   Deaths: 0

rFire   . . .        (weapon unavailable)
rCold   . . .        (shield unavailable)
rNeg    . . .        (body armour unavailable)
rPois   .            (helmet unavailable)
rElec   .            (cloak unavailable)
rCorr   .            (gloves unavailable)
SInv    +            (boots unavailable)
Will    .....        (no amulet)
Stlth   +            e - +6 ring of intelligence
HPRegen 0.22/turn    (no ring)
MPRegen 0.10/turn

%: no passive effects
@: very slow
A: very small, claws 1, fangs 3, see invisible, speed 1, shaggy fur 1, stealthy
paws, no weapons or thrown items, no armour, multi-lived
a: no special abilities


You were on level 3 of the Dungeon.
You visited 1 branch of the dungeon, and saw 3 of its levels.

You collected 50 gold pieces.

Inventory:

Jewellery
 e - a +6 ring of intelligence (left paw)
Wands
 i - a wand of mindburst (12)
Scrolls
 f - 3 scrolls of identify {unknown}
 g - a scroll of enchant weapon {unknown}
 h - a scroll of enchant armour {unknown}
 k - a scroll of noise {unknown}
Potions
 a - a potion of magic
 b - a potion of haste {unknown}
 c - a potion of might {unknown}
 d - a potion of attraction {unknown}
 j - a potion of berserk rage {unknown}
 l - 2 potions of heal wounds {unknown}
 m - a potion of curing {unknown}


   Skills:
 - Level 2.6 Dodging
 - Level 2.6 Stealth
 - Level 2.0 Spellcasting
 - Level 1.1 Transmutations
 + Level 4.2 Earth Magic


You had 5 spell levels left.
You knew the following spells:

 Your Spells              Type           Power      Damage    Failure   Level
a - Sandblast             Erth           44%        2d11      1%          1

Your spell library contained the following spells:

 Spells                   Type           Power      Damage    Failure   Level
 Passwall                 Tmut/Erth      12%        N/A       6%          2
 Magic Dart               Conj           8%         1d3       12%         1
 Stone Arrow              Conj/Erth      24%        3d8       16%         3
 Call Imp                 Summ           4%         N/A       19%         2
 Cigotuvi's Dreadful Rot  Necr/Pois/Air  4%         N/A       19%         2
 Ignite Poison            Fire/Tmut/Pois 4%         N/A       30%         3
 Mephitic Cloud           Conj/Pois/Air  2%         N/A       34%         3
 Petrify                  Tmut/Erth      15%        N/A       36%         4
 Freezing Cloud           Conj/Ice/Air   1%         6-21      97%         5


Dungeon Overview and Level Annotations

Branches:
Dungeon (3/15)

Altars:


Innate Abilities, Weirdness & Mutations

You have sharp claws.
You have razor-sharp teeth.
You have supernaturally acute eyesight. (SInv)
You cover ground quickly. (Speed+)
You are covered in fur. (AC +1)
Your paws help you pounce on unaware monsters.
You are incapable of wielding weapons or throwing items.
You cannot wear armour.
You gain extra lives every three experience levels.


Message History

You scratch the river rat.
You kill the river rat!
No target in view!
No target in view!
You enter the shallow water.
Moving in this stuff is going to be slow.
Things that are here:
a river rat corpse; an adder corpse Your magical contamination has completely faded away.
You start resting.
You hear the rusting of a drain very nearby.
The river rat twitches its whiskers.
Your unstable footing causes you to fumble your attack.
The river rat barely misses you.
You scratch the river rat but do no damage.
You bite the river rat, but do no damage.
The river rat completely misses you.
You scratch the river rat but do no damage.
You bite the river rat, but do no damage.
The river rat bites you.
Your unstable footing causes you to fumble your attack.
The river rat misses you.
Casting: Sandblast (safe; 1% risk of failure)
Confirm with . or Enter, or press ? or * to list all spells.
Aiming: Sandblast (safe; 1% risk of failure)
Press: ? - help, Shift-Dir - straight line, f - river rat
Aim: a river rat (81% to hit)
The blast of sand hits the river rat!
The river rat is severely wounded.
The river rat barely misses you. The river rat misses you.
The river rat attacks as you move away! The river rat bites you!
Ouch! That really hurt!
* * * LOW HITPOINT WARNING * * *
Casting: Sandblast (safe; 1% risk of failure)
Confirm with . or Enter, or press ? or * to list all spells.
Okay, then.
The river rat completely misses you. The river rat attacks as you move away!
The river rat bites you.
You die...

.........#[..>....$.#.....#
.........#..........#.....#
.........####.......#.....#
.........####.......#.....#
.....)......#.......#.....#
............#.......#.....#
########....#.............+
#....#....†........#
#....#..~@~~~.~..†.#
#....#####r#~#~~...#
###...#~~~~~~~~~...#
#####~########......
#~~~~~~# #+##.## ####~#~#
.# # .# .. .


You could see a river rat.

Vanquished Creatures
  2 adders (D:3)
  A river rat (D:3)
  2 bats
  3 endoplasms
  A giant cockroach (D:1)
  3 goblins
  2 hobgoblins
  2 jackals (D:3)
  A kobold (D:3)
  A quokka (D:1)
  A ball python (D:1)
  A frilled lizard (D:1)
  4 rats
24 creatures vanquished.

Notes
Turn   | Place    | Note
-------+----------+-------------------------------------------
     0 | D:1      | spardeous the Felid Earth Elementalist began the quest for
                  | the Orb.
     0 | D:1      | Reached XP level 1. HP: 7/7 MP: 4/4
   102 | D:1      | Reached skill level 3 in Earth Magic
   306 | D:1      | Reached XP level 2. HP: 11/11 MP: 4/6
   780 | D:3      | Reached XP level 3. HP: 14/14 MP: 4/7
   786 | D:3      | Reached skill level 4 in Earth Magic
   843 | D:3      | Slain by a river rat

Illustrated notes

Levels and vault maps discovered:
D:1:      moated_graveyard_arrival, layout_basic,
          dilly_ecumenical_altar_fadedgnrine, minmay_pentomino_q4
D:2:      layout_basic
D:3:      layout_basic, lightli_sewer_entry_pipes, kennysheep_decorative_pillar,
          minmay_misc_feat_pillars, minmay_rat_hole

Skill      XL: |  1  2  3 |
---------------+----------+-----
Earth Magic    | 3 4 |  4.2
Dodging        | |  2.6
Stealth        | |  2.6
Spellcasting   | |  2.0
Transmutations | |  1.1

Action                     || total
---------------------------++-------
  Melee: Unarmed           ||    10
         Bite              ||     2
   Cast: Sandblast         ||    37
 Armour: Skin              ||     2
  Dodge: Dodged            ||    55
